 Dungeon Crawl Stone Soup version 0.31.0-9-g3a7656b989 (webtiles) character file.

Game seed: 3545892515152272314

8 Colgate the Poker (level 2, 15/24 HPs)
             Began as a Demonspawn Cinder Acolyte on Feb 1, 2024.
             Was a High Priest of Ignis.
             Quit the game on level 1 of the Dungeon.
             The game lasted 00:00:13 (91 turns).

Colgate the Poker (Demonspawn Cinder Acolyte)         Turns: 91, Time: 00:00:14

Health: 15/24      AC:  4    Str: 14    XL:     2   Next: 0%
Magic:  3/3        EV: 11    Int: 14    God:    Ignis [*****.]
Gold:   5          SH:  0    Dex:  8    Spells: 3/3 levels left

rFire   + . .        a - -1 spear (flame)
rCold   . . .        (no shield)
rNeg    . . .        b - +0 robe
rPois   .            (no helmet)
rElec   .            (no cloak)
rCorr   .            (no gloves)
SInv    .            (no boots)
Will    .....        (no amulet)
Stlth   +            (no ring)
HPRegen 0.24/turn    (no ring)
MPRegen 0.08/turn

%: no passive effects
@: no status effects
A: molten scales 1
a: Renounce Religion, Fiery Armour, Foxfire Swarm, Rising Flame


You were on level 1 of the Dungeon.
You worshipped Ignis.
Ignis was extremely pleased with you.
You visited 1 branch of the dungeon, and saw 1 of its levels.

You collected 5 gold pieces.

Inventory:

Hand Weapons
 a - a -1 spear of flaming (weapon)
Armour
 b - a +0 robe (worn)
Jewellery
 c - an amulet of reflection


   Skills:
 - Level 3.0 Fighting
 + Level 3.2 Polearms
 - Level 1.0 Spellcasting
 - Level 2.6 Fire Magic


You had 3 spell levels left.
You didn't know any spells.
Your spell library contained the following spells:

 Spells                   Type           Power      Damage    Failure   Level
 Scorch                   Fire           16%        2d5       13%         2


Dungeon Overview and Level Annotations

Branches:
Dungeon (1/15)

Altars:


Innate Abilities, Weirdness & Mutations

You are partially covered in molten scales. (AC +2)


Message History

There are monsters nearby!
You completely miss the quokka. The quokka bites you.
The bat closely misses you.
There are monsters nearby!
You hit the quokka but do no damage. The bat closely misses you.
The quokka bites you.
There are monsters nearby!
You hit the quokka. You burn the quokka.
You kill the quokka!
The bat hits you but does no damage.
There are monsters nearby!
You hit the endoplasm. You burn the endoplasm.
You kill the endoplasm!
The bat barely misses you.
A bat is nearby!
You reach to attack!
You completely miss the bat. The bat hits you but does no damage.
A bat is nearby!
You barely miss the bat. The bat hits you. The bat hits you but does no damage.
A bat is nearby!
You miss the bat. The bat closely misses you. The bat barely misses you.
A bat is nearby!
You barely miss the bat. The bat completely misses you.
A bat is nearby!
The bat hits you but does no damage.
A bat is nearby!
You miss the bat. The bat hits you.
A bat is nearby!
You reach to attack!
You hit the bat. You burn the bat. The bat barely misses you.
A bat is nearby!
You reach to attack!
You hit the bat but do no damage. The bat closely misses you.
A bat is nearby!
You reach to attack!
You hit the bat. You burn the bat.
You kill the bat!
You have reached level 2!
Your demonic ancestry asserts itself...
Molten scales grow over part of your body.
Are you sure you want to abandon this character and quit the game? (Confirm with "yes".)

. #. #.#. .# #.#. #.#
##$..## #.# ......
... ...# #.#
..#+###)###.#
#.....@.##.#+####
#......$........#
#.......##?....)# . #
#.PP.P?~~.......#
#.#PP.PP~P♣~~P...####
P~P.~≈♣♣≈~~~P....#
##+####
)PP~~♣♣~PP~.P....#
#(..#..
♣≈≈~P~~####.#.##
#...'..
♣♣PP.#####.#.##
#...#..


There were no monsters in sight!

Vanquished Creatures
  A dart slug (D:1)
  A bat (D:1)
  An endoplasm (D:1)
  A kobold (D:1)
  A quokka (D:1)
5 creatures vanquished.

Notes
Turn   | Place    | Note
-------+----------+-------------------------------------------
     0 | D:1      | Colgate the Demonspawn Cinder Acolyte began the quest for
                  | the Orb.
     0 | D:1      | Reached XP level 1. HP: 18/18 MP: 2/2
    91 | D:1      | Gained mutation: You are partially covered in molten
                  | scales. (AC +2) [demonic ancestry]
    91 | D:1      | Reached XP level 2. HP: 15/24 MP: 3/3
    91 | D:1      | Quit the game

Illustrated notes

Levels and vault maps discovered:
D:1:      co_arrival_random_square_maze, layout_basic, serial_bayou_lagoon_a

Skill      XL: |  1 |
---------------+----+-----
Polearms       | 3 |  3.2
Fighting       | |  3.0
Spellcasting   | |  1.0
Fire Magic     | |  2.6

Action                     || total
---------------------------++-------
  Melee: Spear             ||    24
 Armour: Robe              ||    17
  Dodge: Dodged            ||    13
